 Dungeon Crawl Stone Soup version 0.29.1-1-gd02db69 (webtiles) character file.

Game seed: 12227901500642250834

228 malesh the Trooper (level 6, -5/33 HPs)
             Began as a Vine Stalker Fighter on Oct 20, 2022.
             Succumbed to Edmund's poison
             ... on level 4 of the Dungeon.
             The game lasted 00:06:15 (3311 turns).

malesh the Trooper (Vine Stalker Fighter)           Turns: 3311, Time: 00:06:15

Health: -5/33      AC:  8    Str: 20    XL:     6   Next: 2%
Magic:  0/6        EV:  9    Int:  8    God:
Gold:   115        SH:  5    Dex: 14    Spells: 5/5 levels left

rFire   . . .      SeeInvis .   a - +0 flail
rCold   . . .      Faith    .   c - +0 buckler
rNeg    . . .      Spirit   +   b - +0 scale mail
rPois   .          Reflect  .   r - +1 hat
rElec   .          Harm     .   t - +0 cloak
rCorr   .          Rampage  .   (no gloves)
Will    .....                   (no boots)
Stlth   ..........              (no amulet)
HPRegen 0.91/turn               (no ring)
MPRegen 0.10/turn               (no ring)

@: mighty, lethally poisoned (-5 -> -28)
A: fangs 2, regeneration 1, magic shield, antimagic bite, no potion heal 2, low
MP 1, passive freeze
a: no special abilities


You were on level 4 of the Dungeon.
You visited 1 branch of the dungeon, and saw 4 of its levels.

You collected 115 gold pieces.

Inventory:

Hand Weapons
 a - a +0 flail (weapon)
Missiles
 i - 14 poisoned darts (quivered)
Armour
 b - a +0 scale mail (worn)
 c - a +0 buckler (worn)
 q - a +2 leather armour of cold resistance
 r - a +1 hat (worn)
 t - a +0 cloak (worn)
Wands
 k - a wand of iceblast (8)
 o - a wand of digging (3)
Scrolls
 e - a scroll of magic mapping {unknown}
 h - a scroll of identify {unknown}
 j - a scroll of teleportation
 m - a scroll of poison {unknown}
 n - 2 scrolls of enchant weapon {unknown}
 u - 2 scrolls of fear
Potions
 f - 2 potions of degeneration {unknown}
 g - 2 potions of attraction {unknown}
 l - 2 potions of curing {unknown}
 p - a potion of mutation
 s - a potion of haste {unknown}


   Skills:
 + Level 3.6 Fighting
 * Level 3.2 Maces & Flails
 - Level 1.0 Throwing
 + Level 3.1 Armour
 + Level 1.2 Dodging
 + Level 3.2 Shields


You had 5 spell levels left.
You didn't know any spells.
Your spell library contained the following spells:

 Spells                   Type           Power      Damage    Failure   Level
 Dazzling Flash           Conj/Hex       0%         N/A       99%         3
 Tukima's Dance           Hex            0%         N/A       99%         3
 Iskenderun's Mystic Bla  Conj/Tloc      0%         2d3       100%        4
 Passage of Golubria      Tloc           0%         N/A       100%        4
 Yara's Violent Unravell  Hex/Tmut       0%         3d3       100%        5
 Starburst                Conj/Fire      0%         6d3       100%        6


Dungeon Overview and Level Annotations

Branches:
Dungeon (4/15)
 Temple: D:4-7

Altars:

Annotations:
D:4 Edmund


Innate Abilities, Weirdness & Mutations

You have extremely sharp teeth.
Your natural rate of healing is unusually fast.
When hurt, damage is shared between your health and your magic reserves.
Your bite disrupts and absorbs the magic of your enemies.
Potions cannot restore your health.
Your magical capacity is low. (-10% MP)
A frigid envelope surrounds you and freezes all who hurt you.


Message History

Edmund hits you with a +1 dire flail of venom!
You are poisoned.
You barely miss Edmund.
Edmund is moderately wounded.
You feel very sick. You block Edmund's attack.
You closely miss Edmund. You bite Edmund! You drain his power.
You feel invigorated.
Edmund is heavily wounded.
You feel sick.
Edmund hits you with a +1 dire flail of venom.
You are more poisoned.
You closely miss Edmund. You bite Edmund. You drain his power.
You feel invigorated.
Edmund is severely wounded.
You feel very sick. You block Edmund's attack.
Edmund hits you with a +1 dire flail of venom.
You barely miss Edmund.
Edmund is severely wounded.
You feel very sick. You block Edmund's attack.
You hit Edmund.
Edmund is severely wounded.
You feel very sick.
Edmund hits you with a +1 dire flail of venom.
* * * LOW HITPOINT WARNING * * *
You barely miss Edmund. You bite Edmund. You drain his power.
You feel invigorated.
Edmund is almost dead.
You feel sick.
Edmund hits you with a +1 dire flail of venom.
* * * LOW HITPOINT WARNING * * *
You are lethally poisoned!
Edmund hits you with a +1 dire flail of venom.
* * * LOW HITPOINT WARNING * * *
You are more poisoned.
It was a potion of mutation.
You feel extremely strange.
You feel less energetic.
Your skin feels very cold.
You die...

#.#........# #.....⌠.....
##........#. #..........
##........### #.g#...###.#
##...###...## #@###...#(.#
#@#........##
#....#........^..#
....##.#........## ....
#.....⌠.....# . #..#
##........#.##...
#######..####.............#
...........##........#####
.......†....#..#...###
#..##..# ##...###


You could see Edmund and a goblin.

Vanquished Creatures
  A hound (D:4)
  Ijyb (D:3)
  An iguana (D:3)
  5 adders
  2 worms (D:2)
  2 dart slugs
  5 orcs
  6 ball pythons
  5 bats
  10 endoplasms
  4 giant cockroaches
  7 goblins
  5 hobgoblins
  6 jackals
  8 kobolds
  4 quokkas
  5 frilled lizards
  7 rats
84 creatures vanquished.

Notes
Turn   | Place    | Note
-------+----------+-------------------------------------------
     0 | D:1      | malesh the Vine Stalker Fighter began the quest for the
                  | Orb.
     0 | D:1      | Reached XP level 1. HP: 11/11 MP: 2/2
   289 | D:1      | Reached XP level 2. HP: 16/16 MP: 3/3
   541 | D:1      | Found a faded altar of an unknown god.
   624 | D:1      | Reached XP level 3. HP: 17/20 MP: 4/4
  1526 | D:2      | Gained mutation: Your natural rate of healing is unusually
                  | fast. [Vine Stalker growth]
  1526 | D:2      | Reached XP level 4. HP: 24/24 MP: 5/5
  2281 | D:3      | Noticed Ijyb
  2336 | D:3      | Killed Ijyb
  2337 | D:3      | Reached skill level 1 in Dodging
  2337 | D:3      | Reached XP level 5. HP: 27/28 MP: 4/6
  2719 | D:3      | Reached skill level 1 in Throwing
  3233 | D:4      | Reached XP level 6. HP: 31/33 MP: 5/7
  3291 | D:4      | Noticed Edmund
  3310 | D:4      | HP: 1/33 [Edmund/+1 dire flail of venom (2)]
  3311 | D:4      | Gained mutation: Your magical capacity is low. (-10% MP)
                  | [potion of mutation]
  3311 | D:4      | Gained mutation: A frigid envelope surrounds you and
                  | freezes all who hurt you. [potion of mutation]
  3311 | D:4      | Succumbed to Edmund's poison

Illustrated notes

Levels and vault maps discovered:
D:1:      nzn_arrival_crosshair, layout_basic, chequers_ecumenical_altar_island
D:2:      layout_basic, hangedman_decor_growths
D:3:      layout_loops_ring, uniq_ijyb
D:4:      minmay_skewed_foursquare, layout_gridville,
          nicolae_dithmenos_the_darkroom, nicolae_shop_vocational, uniq_edmund

Skill      XL: |  1  2  3  4  5 |
---------------+----------------+-----
Fighting       | 3 |  3.6
Maces & Flails | 2 3 |  3.2
Shields        | 3 |  3.2
Dodging        | 1 |  1.2
Armour         | 3 |  3.1
Throwing       | 1 |  1.0

Action                   |  1- 3 |  4- 6 || total
-------------------------+-------+-------++-------
Melee: Flail             |    90 |   125 ||   215
       Bite              |    16 |    35 ||    51
  Use: Scroll            |     4 |       ||     4
       Potion            |       |     2 ||     2
Armor: Scale mail        |    38 |    44 ||    82
Dodge: Dodged            |    42 |    45 ||    87
Block: Buckler           |    21 |    28 ||    49
